BSA
NEW YORK KNIGHTS @ HENDERSONVILLE HITMEN
09/08/2026
 
TOP OF THE 1ST
New York Knights batting - Pitching for Hendersonville Hitmen : LHP Simon Martel
Pitching: LHP Simon Martel
Batting: LHB Warren Potter 0-0: Called Strike
0-1: Foul Ball, location: 2F
0-2: Foul Ball, location: 2F
0-2: Ball
1-2: Ball
2-2: Ball
3-2: Ground out 4-3 (Groundball, 4)
Batting: RHB Pepe Carrasco 0-0: Called Strike
0-1: Ground out 4-3 (Groundball, 13)
Batting: LHB Troy Donaldson 0-0: Called Strike
0-1: Fly out, F6 (Popup, 6MD)
Top of the 1st over - 0 run(s), 0 hit(s), 0 error(s), 0 left on base; New York 0 - Hendersonville 0
BOTTOM OF THE 1ST
Hendersonville Hitmen batting - Pitching for New York Knights : RHP José Navarro
Pitching: RHP José Navarro
Batting: RHB Eduardo García 0-0: Foul Ball, location: 2F
0-1: Ball
1-1: Ground out U3 (Groundball, 3)
Batting: LHB Lorenzo Quintanilla 0-0: Called Strike
0-1: Foul Ball, location: 2F
0-2: Ball
1-2: Ball
2-2: Reached on error, E4 (Groundball, 4)
Batting: RHB Manolo Román 0-0: SINGLE (Line Drive, 6MD)
Lorenzo Quintanilla to second
Batting: LHB Tony Abete 0-0: Ball
1-0: Ground out U3 (Groundball, 3S)
Lorenzo Quintanilla to third
Manolo Román to second
Batting: RHB Robert Buckley 0-0: Called Strike
0-1: Foul Ball, location: 2F
0-2: Strikes out looking
Bottom of the 1st over - 0 run(s), 1 hit(s), 1 error(s), 2 left on base; New York 0 - Hendersonville 0
TOP OF THE 2ND
New York Knights batting - Pitching for Hendersonville Hitmen : LHP Simon Martel
Batting: SHB Marvin Harris 0-0: Foul Ball, location: 2F
0-1: Ball
1-1: Called Strike
1-2: Strikes out swinging
Batting: RHB Cheng-ho Qiao 0-0: Called Strike
0-1: Called Strike
0-2: Ball
1-2: Ball
2-2: Fly out, F8 (Flyball, 8RS)
Batting: RHB José Aguilera 0-0: Swinging Strike
0-1: Ball
1-1: Foul Ball, location: 2F
1-2: Strikes out swinging
Top of the 2nd over - 0 run(s), 0 hit(s), 0 error(s), 0 left on base; New York 0 - Hendersonville 0
BOTTOM OF THE 2ND
Hendersonville Hitmen batting - Pitching for New York Knights : RHP José Navarro
Batting: RHB Junior Vargas 0-0: Called Strike
0-1: Ground out 2-3 (Groundball, 2L)
Batting: LHB José Flores 0-0: Called Strike
0-1: Foul Ball, location: 2F
0-2: Strikes out swinging
Batting: RHB Taylor McFarland 0-0: Fly out, F7 (Line Drive, 7LM)
Bottom of the 2nd over - 0 run(s), 0 hit(s), 0 error(s), 0 left on base; New York 0 - Hendersonville 0
TOP OF THE 3RD
New York Knights batting - Pitching for Hendersonville Hitmen : LHP Simon Martel
Batting: RHB Sixto Vélez 0-0: Called Strike
0-1: Ball
1-1: Foul Ball, location: 2F
1-2: Fly out, F9 (Flyball, 9S)
Batting: RHB Rafael Rincón 0-0: Called Strike
0-1: Called Strike
0-2: Ball
1-2: Strikes out looking
Batting: RHB Yasuhiko Sumita 0-0: Called Strike
0-1: Foul Ball, location: 2F
0-2: Ground out 4-3 (Groundball, 4M)
Top of the 3rd over - 0 run(s), 0 hit(s), 0 error(s), 0 left on base; New York 0 - Hendersonville 0
BOTTOM OF THE 3RD
Hendersonville Hitmen batting - Pitching for New York Knights : RHP José Navarro
Batting: RHB Robert Bly 0-0: Ball
1-0: Ball
2-0: SINGLE (Groundball, 15) (infield hit)
Batting: RHB Eduardo García 0-0: Ball
1-0: Fly out, F7 (Flyball, 7D)
Batting: LHB Lorenzo Quintanilla 0-0: Foul Ball, location: 2F
0-1: Called Strike
0-2: Foul Ball, location: 2F
0-2: Ball
1-2: Fly out, F7 (Flyball, 7LMF)
Batting: RHB Manolo Román 0-0: Swinging Strike
0-1: Ball
1-1: Called Strike
1-2: Ball
2-2: Foul Ball, location: 2F
2-2: Ball
3-2: Ground out 6-3 (Groundball, 6)
Bottom of the 3rd over - 0 run(s), 1 hit(s), 0 error(s), 1 left on base; New York 0 - Hendersonville 0
TOP OF THE 4TH
New York Knights batting - Pitching for Hendersonville Hitmen : LHP Simon Martel
Batting: LHB Warren Potter 0-0: Called Strike
0-1: Foul Ball, location: 2F
0-2: Ball
1-2: Fly out, F7 (Flyball, 7M)
Batting: RHB Pepe Carrasco 0-0: Foul Ball, location: 2F
0-1: Ball
1-1: Ball
2-1: Ball
3-1: Base on Balls
Pitching: RHP Jorge Pérez
Batting: LHB Troy Donaldson 0-0: Fly out, F8 (Flyball, 8LS)
Batting: SHB Marvin Harris 0-0: Foul Ball, location: 2F
0-1: Ball
1-1: Foul Ball, location: 2F
1-2: Ball
2-2: Foul Ball, location: 2F
2-2: Ball
3-2: Fly out, F8 (Flyball, 8LD)
Top of the 4th over - 0 run(s), 0 hit(s), 0 error(s), 1 left on base; New York 0 - Hendersonville 0
BOTTOM OF THE 4TH
Hendersonville Hitmen batting - Pitching for New York Knights : RHP José Navarro
Batting: LHB Tony Abete 0-0: Ball
1-0: Ground out 6-3 (Groundball, 4M)
Batting: RHB Robert Buckley 0-0: Foul Ball, location: 2F
0-1: Ball
1-1: Ground out 5-3 (Groundball, 5L)
Batting: RHB Junior Vargas 0-0: Swinging Strike
0-1: Foul Ball, location: 2F
0-2: DOUBLE (Flyball, 7D)
Batting: LHB José Flores 0-0: Called Strike
0-1: Swinging Strike
0-2: Ball
1-2: Ball
2-2: Fly out, F7 (Flyball, 78XD)
Bottom of the 4th over - 0 run(s), 1 hit(s), 0 error(s), 1 left on base; New York 0 - Hendersonville 0
TOP OF THE 5TH
New York Knights batting - Pitching for Hendersonville Hitmen : RHP Jorge Pérez
Batting: RHB Cheng-ho Qiao 0-0: Called Strike
0-1: Ball
1-1: Ball
2-1: Foul Ball, location: 2F
2-2: Strikes out looking
Batting: RHB José Aguilera 0-0: Swinging Strike
0-1: Called Strike
0-2: Ball
1-2: Strikes out swinging
Batting: RHB Sixto Vélez 0-0: Ball
1-0: Foul Ball, location: 2F
1-1: Foul Ball, location: 2F
1-2: Foul Ball, location: 2F
1-2: Ball
2-2: Strikes out looking
Top of the 5th over - 0 run(s), 0 hit(s), 0 error(s), 0 left on base; New York 0 - Hendersonville 0
BOTTOM OF THE 5TH
Hendersonville Hitmen batting - Pitching for New York Knights : RHP José Navarro
Batting: RHB Taylor McFarland 0-0: Ball
1-0: Ball
2-0: Foul Ball, location: 2F
2-1: Ball
3-1: SINGLE (Groundball, 5D)
Batting: RHB Robert Bly 0-0: Reached on error, E5 (Groundball, 5S)
Taylor McFarland to second
Batting: RHB Eduardo García 0-0: Ball
1-0: Fly out, F5 (Line Drive, 5L)
1-0: Fly out, F5 (Line Drive, 5L)
Batting: LHB Lorenzo Quintanilla 0-0: Ball
1-0: Ball
2-0: Ball
3-0: Base on Balls
Taylor McFarland to third
Robert Bly to second
Batting: RHB Manolo Román 0-0: Ball
1-0: Foul Ball, location: 2F
1-1: SINGLE (Line Drive, 56)
Taylor McFarland scores
Robert Bly to third
Lorenzo Quintanilla to second
Batting: LHB Tony Abete 0-0: Ball
1-0: Called Strike
1-1: Foul Ball, location: 2F
1-2: Strikes out swinging
Batting: RHB Robert Buckley 0-0: Ball
1-0: Fielders Choice at 2nd, 6-4 (Groundball, 6)
Bottom of the 5th over - 1 run(s), 2 hit(s), 1 error(s), 2 left on base; New York 0 - Hendersonville 1
TOP OF THE 6TH
New York Knights batting - Pitching for Hendersonville Hitmen : RHP Jorge Pérez
Batting: RHB Rafael Rincón 0-0: Foul Ball, location: 2F
0-1: Foul Ball, location: 2F
0-2: Ball
1-2: Strikes out swinging
Batting: RHB Yasuhiko Sumita 0-0: Ball
1-0: Ball
2-0: Foul Ball, location: 2F
2-1: Ground out 3-1 (Groundball, 34)
Batting: LHB Warren Potter 0-0: Foul Ball, location: 2F
0-1: Ball
1-1: Ball
2-1: Foul Ball, location: 2F
2-2: SINGLE (Line Drive, 78S)
Batting: RHB Pepe Carrasco 0-0: Ball
1-0: Ball
2-0: Foul Ball, location: 2F
2-1: Ball
3-1: Base on Balls
Warren Potter to second
Batting: LHB Troy Donaldson 0-0: Ball
1-0: Ball
2-0: Called Strike
2-1: Ground out U3 (Groundball, 3S)
Top of the 6th over - 0 run(s), 1 hit(s), 0 error(s), 2 left on base; New York 0 - Hendersonville 1
BOTTOM OF THE 6TH
Hendersonville Hitmen batting - Pitching for New York Knights : RHP José Navarro
Batting: RHB Junior Vargas 0-0: Ball
1-0: Ball
2-0: Fly out, F9 (Flyball, 89M)
Batting: LHB José Flores 0-0: Ball
1-0: Called Strike
1-1: Fly out, F9 (Flyball, 89D)
Batting: RHB Taylor McFarland 0-0: Called Strike
0-1: Ball
1-1: Ground out 1-3 (Groundball, 15)
Bottom of the 6th over - 0 run(s), 0 hit(s), 0 error(s), 0 left on base; New York 0 - Hendersonville 1
TOP OF THE 7TH
New York Knights batting - Pitching for Hendersonville Hitmen : RHP Jorge Pérez
Pitching: LHP Alfonso Ramos
Batting: SHB Marvin Harris 0-0: Called Strike
0-1: Ball
1-1: Ball
2-1: Swinging Strike
2-2: Ball
3-2: Foul Ball, location: 2F
3-2: SINGLE (Groundball, 4MD)
Batting: RHB Cheng-ho Qiao 0-0: Ball
1-0: Ball
2-0: Foul Ball, location: 2F
2-1: Foul Ball, location: 2F
2-2: Strikes out swinging
Batting: RHB José Aguilera 0-0: Foul Ball, location: 2F
0-1: Ball
1-1: SINGLE (Line Drive, 56)
Marvin Harris to second
Pinch Runner at 2nd Diego González:
Batting: RHB Sixto Vélez 0-0: Foul Ball, location: 2F
0-1: Foul Ball, location: 2F
0-2: Strikes out swinging
Batting: RHB Rafael Rincón 0-0: Ball
1-0: Fly out, F7 (Flyball, 7M)
Top of the 7th over - 0 run(s), 2 hit(s), 0 error(s), 2 left on base; New York 0 - Hendersonville 1
BOTTOM OF THE 7TH
Hendersonville Hitmen batting - Pitching for New York Knights : RHP José Navarro
Now in LF: Diego González
Batting: RHB Robert Bly 0-0: Foul Ball, location: 2F
0-1: SINGLE (Groundball, 6M)
Pinch Hitting: SHB Tony López 0-0: Bunted foul
0-1: Sac Bunt - play at first, batter OUT! 2-4
Robert Bly to second
Batting: LHB Lorenzo Quintanilla 0-0: Called Strike
0-1: Ball
1-1: Ball
2-1: Ball
3-1: SINGLE (Line Drive, 56)
Robert Bly to third
Batting: RHB Manolo Román 0-0: Called Strike
0-1: Swinging Strike
0-2: Foul Ball, location: 2F
0-2: Foul Ball, location: 2F
0-2: Foul Ball, location: 2F
0-2: Ball
1-2: DOUBLE (Popup, 9LS)
Robert Bly scores
Lorenzo Quintanilla to third
Batting: LHB Tony Abete 0-0: Intentional Walk
Pitching: RHP Felipe Rodríguez
Pinch Hitting: SHB David Johnstone 0-0: Swinging Strike
0-1: Ball
1-1: Fly out, F6 (Popup, 5L)
Batting: RHB Junior Vargas 0-0: Fly out, F7 (Line Drive, 78S)
Bottom of the 7th over - 1 run(s), 3 hit(s), 0 error(s), 3 left on base; New York 0 - Hendersonville 2
TOP OF THE 8TH
New York Knights batting - Pitching for Hendersonville Hitmen : LHP Alfonso Ramos
Now at 1B: David Johnstone
Now in CF: Tony López
Batting: RHB Yasuhiko Sumita 0-0: Called Strike
0-1: Ball
1-1: Ball
2-1: Ground out 4-3 (Groundball, 4)
Batting: LHB Warren Potter 0-0: Ball
1-0: Ball
2-0: Swinging Strike
2-1: Fly out, F7 (Flyball, 7D)
Batting: RHB Pepe Carrasco 0-0: Called Strike
0-1: Ball
1-1: Foul Ball, location: 2F
1-2: Strikes out swinging
Top of the 8th over - 0 run(s), 0 hit(s), 0 error(s), 0 left on base; New York 0 - Hendersonville 2
BOTTOM OF THE 8TH
Hendersonville Hitmen batting - Pitching for New York Knights : RHP Felipe Rodríguez
Batting: LHB José Flores 0-0: Fly out, F6 (Popup, 6S)
Batting: RHB Taylor McFarland 0-0: Ball
1-0: Ball
2-0: Foul Ball, location: 2F
2-1: Fly out, F8 (Line Drive, 78M)
Batting: RHB Robert Bly 0-0: Ball
1-0: Called Strike
1-1: Swinging Strike
1-2: Strikes out swinging
Bottom of the 8th over - 0 run(s), 0 hit(s), 0 error(s), 0 left on base; New York 0 - Hendersonville 2
TOP OF THE 9TH
New York Knights batting - Pitching for Hendersonville Hitmen : LHP Alfonso Ramos
Pitching: RHP Robinson Gonzáles
Batting: LHB Troy Donaldson 0-0: Foul Ball, location: 2F
0-1: Ball
1-1: Foul Ball, location: 2F
1-2: Foul Ball, location: 2F
1-2: Ball
2-2: Strikes out swinging
Batting: LHB Diego González 0-0: Called Strike
0-1: Ball
1-1: Called Strike
1-2: Foul Ball, location: 2F
1-2: Foul Ball, location: 2F
1-2: Ground out 5-3 (Groundball, 56)
Batting: RHB Cheng-ho Qiao 0-0: Ball
1-0: Foul Ball, location: 2F
1-1: Ball
2-1: DOUBLE (Groundball, 3L)
Pinch Hitting: LHB Iván Salas 0-0: Foul Ball, location: 2F
0-1: Ball
1-1: Swinging Strike
1-2: Foul Ball, location: 2F
1-2: Foul Ball, location: 2F
1-2: DOUBLE (Groundball, 3L)
Cheng-ho Qiao scores
Pinch Hitting: LHB Pablo Rivas 0-0: Ball
1-0: Ball
2-0: Ball
3-0: Called Strike
3-1: Base on Balls
Pinch Runner at 2nd Nicholas Alston:
Pinch Hitting: LHB Tom Waller 0-0: Swinging Strike
0-1: Ball
1-1: Swinging Strike
1-2: Foul Ball, location: 2F
1-2: Ball
2-2: Foul Ball, location: 2F
2-2: Strikes out swinging
Top of the 9th over - 1 run(s), 2 hit(s), 0 error(s), 2 left on base; New York 1 - Hendersonville 2
Monday, December 5th, 2016 - OOTP Baseball 17.12 Build 75